MID
HAGERSTOWN SUNS @ BINGHAMTON METS
04/10/2044
 
TOP OF THE 1ST
Hagerstown Suns batting - Pitching for Binghamton Mets : RHP Morty Rupert
Pitching: RHP Morty Rupert
Batting: SHB Dan Castaneda 0-0: Called Strike
0-1: Ball
1-1: Fly out, F8 (Flyball, 8LS, EV 93.8 MPH)
Batting: RHB Pat Drader 0-0: Foul Ball, location: 2F
0-1: Foul Ball, location: 2F
0-2: Foul Ball, location: 2F
0-2: Ground out U3 (Groundball, 34, EV 86.3 MPH)
Batting: LHB John Luke 0-0: DOUBLE (Flyball, 9LM, EV 110.6 MPH)
Batting: RHB Kevin Wick 0-0: Called Strike
0-1: Foul Ball, location: 2F
0-2: Strikes out swinging
Top of the 1st over - 0 runs, 1 hit, 0 errors, 1 left on base; Hagerstown 0 - Binghamton 0
BOTTOM OF THE 1ST
Binghamton Mets batting - Pitching for Hagerstown Suns : RHP Manny Arguelles
Pitching: RHP Manny Arguelles
Batting: LHB Jose Chavez 0-0: Ball
1-0: Called Strike
1-1: Foul Ball, location: 2F
1-2: Foul Ball, location: 2F
1-2: Ground out 1-3 (Groundball, 34S, EV 70.0 MPH)
Batting: SHB Alex Orozco 0-0: Called Strike
0-1: Foul Ball, location: 2F
0-2: Ground out U3 (Groundball, 34, EV 85.6 MPH)
Batting: RHB Andy Solorzano 0-0: Foul Ball, location: 2F
0-1: Ball
1-1: Foul Ball, location: 2F
1-2: SINGLE (Groundball, 5L, EV 94.4 MPH)
Batting: LHB Nate Trahan 0-0: Ball
1-0: Called Strike
1-1: Ball
2-1: Foul Ball, location: 2F
2-2: Foul Ball, location: 2F
2-2: Foul Ball, location: 2F
2-2: Fly out, F5 (Popup, 5F, EV 59.4 MPH)
Bottom of the 1st over - 0 runs, 1 hit, 0 errors, 1 left on base; Hagerstown 0 - Binghamton 0
TOP OF THE 2ND
Hagerstown Suns batting - Pitching for Binghamton Mets : RHP Morty Rupert
Batting: RHB John McNeill 0-0: Ball
1-0: Ground out 1-3 (Groundball, 13S, EV 71.3 MPH)
Batting: LHB Mike Condon 0-0: Ball
1-0: Foul Ball, location: 2F
1-1: SINGLE (Groundball, 34D, EV 95.6 MPH)
Batting: RHB Josh Courtney 0-0: Ball
1-0: Ball
2-0: Swinging Strike
2-1: Called Strike
2-2: Strikes out swinging
Batting: RHB Scott Skoglund 0-0: Ball
Mike Condon is caught stealing 2nd base 2-4
Top of the 2nd over - 0 runs, 1 hit, 0 errors, 0 left on base; Hagerstown 0 - Binghamton 0
BOTTOM OF THE 2ND
Binghamton Mets batting - Pitching for Hagerstown Suns : RHP Manny Arguelles
Batting: LHB Joel Soto 0-0: Called Strike
0-1: Swinging Strike
0-2: Ball
1-2: Foul Ball, location: 2F
1-2: Ball
2-2: Ball
3-2: SINGLE (Groundball, 3, EV 96.9 MPH)
Batting: LHB Elmo Dreier 0-0: Ball
1-0: Called Strike
1-1: Called Strike
1-2: Foul Ball, location: 2F
1-2: Ball
Wild Pitch!
Joel Soto to second
2-2: Ground out U3 (Groundball, 3, EV 103.1 MPH)
Joel Soto to third
Batting: RHB Shawn Mathews 0-0: Ball
1-0: Ball
2-0: Ball
3-0: Ground out 5-3 (Groundball, 5S, EV 86.3 MPH)
Batting: RHB Jake Hansford 0-0: Ball
1-0: Foul Ball, location: 2F
1-1: Ball
2-1: SINGLE (Groundball, 56D, EV 101.3 MPH)
Joel Soto scores
Batting: RHB Dave Conde 0-0: Ball
Jake Hansford is caught stealing 2nd base 2-4
Bottom of the 2nd over - 1 run, 2 hits, 0 errors, 0 left on base; Hagerstown 0 - Binghamton 1
TOP OF THE 3RD
Hagerstown Suns batting - Pitching for Binghamton Mets : RHP Morty Rupert
Batting: RHB Scott Skoglund 0-0: Ball
1-0: Ground out 6-3 (Groundball, 6, EV 97.5 MPH)
Batting: RHB Bobby Dieter 0-0: Foul Ball, location: 2F
0-1: Ball
1-1: Ball
2-1: Foul Ball, location: 2F
2-2: Ball
3-2: Foul Ball, location: 2F
3-2: Foul Ball, location: 2F
3-2: Strikes out swinging
Batting: SHB Dan Castaneda 0-0: Ball
1-0: Ball
2-0: Fly out, F7 (Flyball, 7S, EV 82.5 MPH)
Top of the 3rd over - 0 runs, 0 hits, 0 errors, 0 left on base; Hagerstown 0 - Binghamton 1
BOTTOM OF THE 3RD
Binghamton Mets batting - Pitching for Hagerstown Suns : RHP Manny Arguelles
Batting: RHB Dave Conde 0-0: Ground out 5-3 (Groundball, 56, EV 93.1 MPH)
Batting: LHB Jose Chavez 0-0: Ball
1-0: Called Strike
1-1: Called Strike
1-2: Strikes out swinging
Batting: SHB Alex Orozco 0-0: Ball
1-0: Swinging Strike
1-1: Ball
2-1: Foul Ball, location: 2F
2-2: Foul Ball, location: 2F
2-2: Ball
3-2: Base on Balls
Batting: RHB Andy Solorzano 0-0: Ball
1-0: Swinging Strike
1-1: Ball
2-1: Called Strike
2-2: Foul Ball, location: 2F
2-2: Foul Ball, location: 2F
2-2: Strikes out swinging
Bottom of the 3rd over - 0 runs, 0 hits, 0 errors, 1 left on base; Hagerstown 0 - Binghamton 1
TOP OF THE 4TH
Hagerstown Suns batting - Pitching for Binghamton Mets : RHP Morty Rupert
Batting: RHB Pat Drader 0-0: Ball
1-0: Fly out, F4 (Popup, 23, EV 87.5 MPH)
Batting: LHB John Luke 0-0: SINGLE (Groundball, 34D, EV 105.0 MPH)
Batting: RHB Kevin Wick 0-0: Ball
1-0: Ball
2-0: Ball
3-0: Called Strike
3-1: Foul Ball, location: 2F
3-2: SINGLE (Line Drive, 56D, EV 98.8 MPH)
John Luke to second
Batting: RHB John McNeill 0-0: Ball
1-0: Fly out, F6 (Flyball, 56D, EV 86.3 MPH)
Batting: LHB Mike Condon 0-0: Ball
1-0: Ground out 1-3 (Groundball, 13S, EV 70.6 MPH)
Top of the 4th over - 0 runs, 2 hits, 0 errors, 2 left on base; Hagerstown 0 - Binghamton 1
BOTTOM OF THE 4TH
Binghamton Mets batting - Pitching for Hagerstown Suns : RHP Manny Arguelles
Batting: LHB Nate Trahan 0-0: Foul Ball, location: 2F
0-1: Ball
1-1: Swinging Strike
1-2: Ball
2-2: SINGLE (Line Drive, 6M, EV 106.9 MPH)
Batting: LHB Joel Soto 0-0: Ball
1-0: Ball
2-0: Foul Ball, location: 2F
2-1: Ball
3-1: Called Strike
3-2: Fielders Choice at 2nd, 5-4 (Groundball, 56D, EV 93.1 MPH)
Batting: LHB Elmo Dreier 0-0: Called Strike
Joel Soto steals 2nd base (no throw)
0-1: Ball
1-1: Foul Ball, location: 2F
1-2: Strikes out swinging, 2-3 out at first.
Batting: RHB Shawn Mathews 0-0: Called Strike
0-1: Ball
1-1: Called Strike
1-2: Foul Ball, location: 2F
1-2: Ball
2-2: 2-RUN HOME RUN (Flyball, 9D, EV 95.6 MPH), Distance : 360 ft
Batting: RHB Jake Hansford 0-0: Ball
1-0: Ball
2-0: Ball
3-0: Called Strike
3-1: SINGLE (Groundball, 56D, EV 95.0 MPH)
Batting: RHB Dave Conde 0-0: Called Strike
Jake Hansford steals 2nd base
0-1: Ball
1-1: Ball
2-1: Foul Ball, location: 2F
2-2: Ground out 4-3 (Groundball, 34, EV 105.0 MPH)
Bottom of the 4th over - 2 runs, 3 hits, 0 errors, 1 left on base; Hagerstown 0 - Binghamton 3
TOP OF THE 5TH
Hagerstown Suns batting - Pitching for Binghamton Mets : RHP Morty Rupert
Batting: RHB Josh Courtney 0-0: Ball
1-0: Called Strike
1-1: Foul Ball, location: 2F
1-2: Ball
2-2: Ball
3-2: SINGLE (Line Drive, 89S, EV 109.4 MPH)
Batting: RHB Scott Skoglund 0-0: Ball
1-0: Called Strike
1-1: Foul Ball, location: 2F
1-2: Ball
2-2: Ball
3-2: 2-RUN HOME RUN (Flyball, 9LD, EV 94.4 MPH), Distance : 360 ft
Batting: RHB Bobby Dieter 0-0: Fly out, F6 (Line Drive, 6, EV 70.6 MPH)
Batting: SHB Dan Castaneda 0-0: Fly out, F4 (Popup, 3S, EV 89.4 MPH)
Batting: RHB Pat Drader 0-0: Called Strike
0-1: Foul Ball, location: 2F
0-2: Fly out, F9 (Line Drive, 9, EV 96.3 MPH)
Top of the 5th over - 2 runs, 2 hits, 0 errors, 0 left on base; Hagerstown 2 - Binghamton 3
BOTTOM OF THE 5TH
Binghamton Mets batting - Pitching for Hagerstown Suns : RHP Manny Arguelles
Batting: LHB Jose Chavez 0-0: Ground out 4-3 (Groundball, 4M, EV 99.4 MPH)
Batting: SHB Alex Orozco 0-0: Swinging Strike
0-1: Ball
1-1: Swinging Strike
1-2: Strikes out looking
Batting: RHB Andy Solorzano 0-0: Foul Ball, location: 2F
0-1: Foul Ball, location: 2F
0-2: Ball
1-2: Ground out 3-1 (Groundball, 34S, EV 87.5 MPH)
Bottom of the 5th over - 0 runs, 0 hits, 0 errors, 0 left on base; Hagerstown 2 - Binghamton 3
TOP OF THE 6TH
Hagerstown Suns batting - Pitching for Binghamton Mets : RHP Morty Rupert
Batting: LHB John Luke 0-0: Ball
1-0: Called Strike
1-1: Fly out, F5 (Popup, 5F, EV 70.0 MPH)
Batting: RHB Kevin Wick 0-0: Called Strike
0-1: Ball
1-1: Ball
2-1: Foul Ball, location: 2F
2-2: Foul Ball, location: 2F
2-2: Ground out 5-3 (Groundball, 56, EV 91.9 MPH)
Batting: RHB John McNeill 0-0: Foul Ball, location: 2F
0-1: Foul Ball, location: 2F
0-2: Strikes out swinging
Top of the 6th over - 0 runs, 0 hits, 0 errors, 0 left on base; Hagerstown 2 - Binghamton 3
BOTTOM OF THE 6TH
Binghamton Mets batting - Pitching for Hagerstown Suns : RHP Manny Arguelles
Pitching: RHP Alpha Miller
Batting: LHB Nate Trahan 0-0: Ball
1-0: Ball
2-0: Foul Ball, location: 2F
2-1: Ball
3-1: Ground out 4-3 (Groundball, 4, EV 104.4 MPH)
Batting: LHB Joel Soto 0-0: Ground out 5-3 (Groundball, 5, EV 100.6 MPH)
Batting: LHB Elmo Dreier 0-0: Ball
1-0: Called Strike
1-1: Ball
2-1: SINGLE (Groundball, 4MS, EV 71.9 MPH) (infield hit)
Pinch Runner at 1st Tom Prayer:
Batting: RHB Shawn Mathews Pickoff Throw to First - Out! 1-3
Bottom of the 6th over - 0 runs, 1 hit, 0 errors, 0 left on base; Hagerstown 2 - Binghamton 3
TOP OF THE 7TH
Hagerstown Suns batting - Pitching for Binghamton Mets : RHP Morty Rupert
Now at SS: Bill Larsen
Batting: LHB Mike Condon 0-0: Ball
1-0: Ball
2-0: Foul Ball, location: 2F
2-1: SINGLE (Groundball, 56, EV 104.4 MPH)
Batting: RHB Josh Courtney 0-0: Ball
1-0: Ball
2-0: Called Strike
2-1: Ball
Mike Condon is caught stealing 2nd base 2-4
3-1: SOLO HOME RUN (Flyball, 9D, EV 97.5 MPH), Distance : 378 ft
Batting: RHB Scott Skoglund 0-0: Ball
1-0: Called Strike
1-1: Ball
2-1: Ball
3-1: Base on Balls
Batting: RHB Bobby Dieter 0-0: Ball
1-0: Foul Ball, location: 2F
1-1: Foul Ball, location: 2F
1-2: Ball
2-2: Ball
3-2: Ground out 5-3 (Groundball, 56S, EV 85.0 MPH)
Scott Skoglund to second
Pitching: RHP Leo Burgos
Batting: SHB Dan Castaneda 0-0: Foul Ball, location: 2F
0-1: Ball
1-1: Foul Ball, location: 2F
1-2: Foul Ball, location: 2F
1-2: Foul Ball, location: 2F
1-2: Foul Ball, location: 2F
1-2: Ball
2-2: Foul Ball, location: 2F
2-2: Foul Ball, location: 2F
2-2: Ball
3-2: Base on Balls
Batting: RHB Pat Drader 0-0: Called Strike
0-1: Ball
1-1: Ball
2-1: Ball
3-1: Foul Ball, location: 2F
3-2: Foul Ball, location: 2F
3-2: Foul Ball, location: 2F
3-2: SINGLE (Line Drive, 9S, EV 96.9 MPH)
Scott Skoglund to third
Dan Castaneda to second
Scott Skoglund scores
Dan Castaneda to third
Batting: LHB John Luke 0-0: Ball
1-0: Ground out 3-1 (Groundball, 3D, EV 85.0 MPH)
Top of the 7th over - 2 runs, 3 hits, 0 errors, 2 left on base; Hagerstown 4 - Binghamton 3
BOTTOM OF THE 7TH
Binghamton Mets batting - Pitching for Hagerstown Suns : RHP Alpha Miller
Pitching: RHP Roy Walker
Batting: RHB Shawn Mathews 0-0: Ball
1-0: Ball
2-0: Called Strike
2-1: Ball
3-1: Base on Balls
Pinch Hitting: LHB Willie Cintron 0-0: Ball
Shawn Mathews steals 2nd base (no throw)
1-0: Foul Ball, location: 2F
1-1: Called Strike
1-2: Foul Ball, location: 2F
1-2: Foul Ball, location: 2F
1-2: Strikes out swinging
Batting: RHB Dave Conde 0-0: Swinging Strike
0-1: Ball
1-1: Ball
2-1: Foul Ball, location: 2F
2-2: Foul Ball, location: 2F
2-2: Strikes out looking
Batting: LHB Jose Chavez 0-0: Ball
1-0: Foul Ball, location: 2F
1-1: Foul Ball, location: 2F
1-2: Ball
2-2: Ball
3-2: Ground out 4-3 (Groundball, 4, EV 90.6 MPH)
Bottom of the 7th over - 0 runs, 0 hits, 0 errors, 1 left on base; Hagerstown 4 - Binghamton 3
TOP OF THE 8TH
Hagerstown Suns batting - Pitching for Binghamton Mets : RHP Leo Burgos
Pitching: LHP Jonathan Gendron
Now in LF: Ivan Gonzales
Now in RF: Joel Soto
Batting: RHB Kevin Wick 0-0: Called Strike
0-1: Foul Ball, location: 2F
0-2: Strikes out swinging
Batting: RHB John McNeill 0-0: Swinging Strike
0-1: Ball
1-1: Fly out, F9 (Flyball, 89D, EV 101.3 MPH)
Batting: LHB Mike Condon 0-0: Ball
1-0: Called Strike
1-1: Ball
2-1: Called Strike
2-2: Foul Ball, location: 2F
2-2: Foul Ball, location: 2F
2-2: Ball
3-2: Strikes out looking
Top of the 8th over - 0 runs, 0 hits, 0 errors, 0 left on base; Hagerstown 4 - Binghamton 3
BOTTOM OF THE 8TH
Binghamton Mets batting - Pitching for Hagerstown Suns : RHP Roy Walker
Pitching: RHP Steve Barnes
Batting: SHB Alex Orozco 0-0: Swinging Strike
0-1: Ball
1-1: SINGLE (Groundball, 34D, EV 105.6 MPH)
Batting: RHB Andy Solorzano 0-0: Called Strike
0-1: Ball
1-1: Ball
2-1: 2-RUN HOME RUN (Flyball, 89XD, EV 96.9 MPH), Distance : 392 ft
Batting: LHB Nate Trahan 0-0: Foul Ball, location: 2F
0-1: Ball
1-1: Ball
2-1: SINGLE (Groundball, 4MD, EV 94.4 MPH)
Batting: LHB Joel Soto 0-0: Called Strike
0-1: Ground out 4-3 (Groundball, 34D, EV 98.1 MPH)
Nate Trahan to second
Batting: RHB Bill Larsen 0-0: Ball
1-0: Ball
2-0: Ball
3-0: Base on Balls
Batting: RHB Shawn Mathews 0-0: Called Strike
0-1: Ball
1-1: Called Strike
1-2: Ball
2-2: Strikes out swinging
Batting: RHB Ivan Gonzales 0-0: Ball
1-0: Fly out, F9 (Flyball, 9LD, EV 95.6 MPH)
Bottom of the 8th over - 2 runs, 3 hits, 0 errors, 2 left on base; Hagerstown 4 - Binghamton 5
TOP OF THE 9TH
Hagerstown Suns batting - Pitching for Binghamton Mets : LHP Jonathan Gendron
Pitching: RHP Amare Golden
Batting: RHB Josh Courtney 0-0: Ball
1-0: Ball
2-0: Foul Ball, location: 2F
2-1: Foul Ball, location: 2F
2-2: Ball
3-2: Base on Balls
Batting: RHB Scott Skoglund 0-0: Sac Bunt to 2R - play at first, batter OUT! 2-4
Josh Courtney to second
Pinch Hitting: SHB Kyle Larson 0-0: Foul Ball, location: 2F
0-1: Swinging Strike
0-2: Ball
1-2: Ball
2-2: Strikes out swinging
Batting: SHB Dan Castaneda 0-0: Ground out 4-3 (Groundball, 34D, EV 98.1 MPH)
Top of the 9th over - 0 runs, 0 hits, 0 errors, 1 left on base; Hagerstown 4 - Binghamton 5
Thursday, March 31st , 2022 - OOTP Baseball 22.12 Build 89